 Dungeon Crawl Stone Soup version 0.27.1 (webtiles) character file.

Game seed: 17775610804811155495

11 Sabo the Charlatan (level 2, 0/14 HPs)
             Began as a Spriggan Artificer on Sept 1, 2021.
             Slain by a gnoll (8 damage)
             ... on level 1 of the Dungeon.
             The game lasted 00:03:57 (933 turns).

Sabo the Charlatan (Spriggan Artificer)              Turns: 933, Time: 00:03:57

Health: 0/14       AC:  2    Str:  8    XL:     2   Next: 13%
Magic:  3/3        EV: 18    Int: 12    God:
Gold:   31         SH:  0    Dex: 15    Spells: 1/1 levels left

rFire    . . .     SeeInvis +   f - +0 spear
rCold    . . .     Faith    .   (shield restricted)
rNeg     . . .     Spirit   .   b - +0 robe
rPois    .         Reflect  .   (helmet restricted)
rElec    .         Harm     .   (no cloak)
rCorr    .         Rampage  .   (gloves unavailable)
Will     .....                  (boots unavailable)
Stlth    ++........             (no amulet)
HPRegen  0.04/turn              (no ring)
MPRegen  0.08/turn              (no ring)

@: very quick
A: very small, no large weapons, unfitting armour, see invisible, speed 3
a: no special abilities


You were on level 1 of the Dungeon.
You visited 1 branch of the dungeon, and saw 1 of its levels.

You collected 31 gold pieces.

Inventory:

Hand Weapons
 a - a +0 club
 f - a +0 spear (weapon)
 g - a +0 hunting sling
Missiles
 h - 29 stones
Armour
 b - a +0 robe (worn)
Wands
 c - a wand of flame (14) (quivered)
 d - a wand of charming (15)
Potions
 i - a potion of lignification {unknown}
Miscellaneous
 e - a piece from Xom's chessboard (15/15)


   Skills:
 + Level 0.7 Fighting
 + Level 0.2 Maces & Flails
 + Level 3.5 Dodging
 + Level 1.9 Stealth
 + Level 4.4 Evocations


You had one spell level left.
You didn't know any spells.
Your spell library was empty.

Dungeon Overview and Level Annotations

Branches:
Dungeon (1/15)

Altars:


Innate Abilities, Weirdness & Mutations

You are very small and have problems with some larger weapons.
You are too small for most types of armour.
You have supernaturally acute eyesight. (SInv)
You cover ground extremely quickly. (Speed+++)


Message History

There is an open door here.
There is a stone staircase leading down here.
A rat comes into view.
You open the door.
There is an open door here.
You hit the rat.
The rat is heavily wounded.
The rat misses you.
You closely miss the rat.
The rat is heavily wounded.
The rat misses you.
You closely miss the rat.
The rat is heavily wounded.
The rat barely misses you.
You closely miss the rat. The rat misses you.
You hit the rat.
You kill the rat!
You see here a rat corpse.
There is an open door here.
You open the door.
A gnoll comes into view. It is wielding a +0 whip.
There is an open door here.
The gnoll shouts!
There is an open door here.
There is an open door here.
You see here a rat corpse.
You see here a rat corpse.
The gnoll hits you with a +0 whip.
You hit the gnoll but do no damage. The gnoll barely misses you.
You hit the gnoll.
The gnoll is lightly wounded.
The gnoll hits you with a +0 whip.
You closely miss the gnoll.
The gnoll is lightly wounded.
The gnoll misses you.
You hit the gnoll.
The gnoll is lightly wounded.
The gnoll hits you with a +0 whip!
Ouch! That really hurt!
You die...

#..# #..# #..# # #..# .#
####################..#######.###
#................................
#.################.......#..#g...
#>.............†@g.......'.......
#.################.......####....
#'######## #.......# ...
.........# #.......# ##
.........# #########
.........#########
.................#
.................#
.................#


You could see a gnoll.

Vanquished Creatures
  3 bats (D:1)
  An endoplasm (D:1)
  2 kobolds (D:1)
  2 quokkas (D:1)
  A rat (D:1)
9 creatures vanquished.

Notes
Turn   | Place    | Note
-------+----------+-------------------------------------------
     0 | D:1      | Sabo the Spriggan Artificer began the quest for the Orb.
     0 | D:1      | Reached XP level 1. HP: 9/9 MP: 2/2
   588 | D:1      | Reached XP level 2. HP: 6/14 MP: 3/3
   933 | D:1      | Slain by a gnoll

Illustrated notes

Levels and vault maps discovered:
D:1:      shiori_arrival_maze, layout_basic, nrook_mini_vaults,
          minmay_lizard_pond

Action                   || total
-------------------------++-------
Melee: Spear             ||    48
       Club              ||     3
Evoke: Wand              ||     1
Armor: Robe              ||     7
Dodge: Dodged            ||    55
